 Dungeon Crawl Stone Soup version 0.30-a0-879-ga8ba668304 (webtiles) character file.

Game seed: 15839855874123495193

6848 jasper the Cruncher (level 10, -5/71 HPs)
             Began as a Demonspawn Gladiator on Mar 13, 2023.
             Was a Priest of Okawaru.
             Slain by a very large slime creature (29 damage)
             ... on level 8 of the Dungeon.
             The game lasted 00:19:39 (9850 turns).

jasper the Cruncher (Demonspawn Gladiator)          Turns: 9850, Time: 00:19:40

Health: -5/71      AC: 11    Str: 15    XL:     10   Next: 78%
Magic:  11/11      EV: 17    Int: 14    God:    Okawaru [***...]
Gold:   555        SH:  0    Dex: 14    Spells: 2/9 levels left

rFire   + . .      SeeInvis .    h - +2 lajatang (speed)
rCold   + + .      Faith    .    (shield currently unavailable)
rNeg    . . .      Spirit   .    j - +0 ring mail
rPois   .          Reflect  .    (helmet restricted)
rElec   .          Rampage  .    (no cloak)
rCorr   .                        y - +1 pair of gloves
Will    .....                    H - +0 pair of boots
Stlth   +                        (no amulet)
HPRegen 0.31/turn                l - ring of Agnosticism {Wiz rF+ rC++}
MPRegen 0.24/turn                E - +5 ring of evasion

@: no status effects
A: antennae 2, molten scales 2, (demonic guardian 1), magic regeneration
a: Renounce Religion, Heroism


You were on level 8 of the Dungeon.
You worshipped Okawaru.
Okawaru was most pleased with you.
You visited 1 branch of the dungeon, and saw 10 of its levels.

You collected 555 gold pieces.

Inventory:

Hand Weapons
 a - a +0 war axe
 h - a +2 lajatang of speed (weapon)
 k - a +0 dagger of freezing
 m - a +2 whip of flaming
 s - a +1 hand axe of flaming
Missiles
 d - 2 throwing nets
 i - 134 stones (quivered)
 q - 3 boomerangs
 t - 23 poisoned darts
 O - a javelin
Armour
 b - a +0 leather armour
 c - a +0 helmet
 j - a +0 ring mail (worn)
 y - a +1 pair of gloves (worn)
 B - the +18 Lear's hauberk
   (You found it on level 6 of the Dungeon)
 D - a -2 hat
 H - a +0 pair of boots (worn)
Jewellery
 l - the ring of Agnosticism (left hand) {Wiz rF+ rC++}
   (You acquired it on level 2 of the Dungeon)

   [ring of wizardry]

   It improves your spell success rate.
   rF:        It protects you from fire.
   rC:        It greatly protects you from cold.
 x - a ring of wizardry
 E - a +5 ring of evasion (right hand)
 L - a ring of willpower
Wands
 v - a wand of iceblast (1)
 w - a wand of digging (8)
 I - a wand of flame (14)
 M - a wand of polymorph (5)
Scrolls
 f - 2 scrolls of blinking
 p - 3 scrolls of teleportation
 A - a scroll of enchant armour
 C - a scroll of brand weapon {unknown}
 G - a scroll of fear
 N - a scroll of enchant weapon
 P - a scroll of magic mapping
Potions
 e - 4 potions of attraction
 g - 2 potions of brilliance
 n - a potion of lignification
 o - 5 potions of curing
 r - 2 potions of might
 u - a potion of haste {unknown}
 z - a potion of mutation {unknown}
 F - a potion of flight {unknown}
 J - a potion of resistance {unknown}
 K - a potion of degeneration {unknown}


   Skills:
 + Level 4.0 Fighting
 - Level 6.3 Axes
 * Level 9.9 Staves
 - Level 1.7 Throwing
 + Level 2.6 Armour
 + Level 3.9 Dodging
 - Level 5.0 Conjurations
 - Level 4.5 Air Magic
 - Level 5.0 Poison Magic
 - Level 2.1 Invocations


You had 2 spell levels left.
You knew the following spells:

 Your Spells              Type           Power      Damage    Failure   Level
a - Mephitic Cloud        Conj/Pois/Air  13%        N/A       9%          3
b - Manifold Assault      Tloc           0%         N/A       89%         4

Your spell library contained the following spells:

 Spells                   Type           Power      Damage    Failure   Level
 Magic Dart               Conj           56%        1d5       2%          1
 Poisonous Vapours        Pois/Air       26%        N/A       4%          2
 Static Discharge         Conj/Air       26%        2-4/arc   4%          2
 Kiss of Death            Conj/Necr      28%        2d7       9%          1
 Sting                    Tmut/Pois      28%        1d4       9%          1
 Freeze                   Ice            0%         1d3       22%         1
 Dazzling Flash           Conj/Hex       14%        N/A       24%         3
 Hailstorm                Conj/Ice       7%         3d4       24%         3
 Ignite Poison            Fire/Tmut/Pois 4%         N/A       32%         3
 Kindle Blastsparks       Fire/Tloc/Air  8%         2d10      32%         3
 Frozen Ramparts          Ice            0%         1d1       52%         3
 Ozocubu's Armour         Ice            0%         N/A       52%         3
 Freezing Cloud           Conj/Ice/Air   4%         6-21      82%         5
 Metabolic Englaciation   Hex/Ice        0%         N/A       99%         5
 Dispersal                Tloc           0%         N/A       100%        6
 Disjunction              Tloc           0%         N/A       100%        8
 Call Imp                 Summ           Unusable   N/A       N/A         2
 Summon Ice Beast         Ice/Summ       Unusable   N/A       N/A         4
 Summon Forest            Summ/Tloc      Unusable   N/A       N/A         5
 Summon Mana Viper        Hex/Summ       Unusable   N/A       N/A         5
 Simulacrum               Ice/Necr       Unusable   N/A       N/A         6
 Monstrous Menagerie      Summ           Unusable   N/A       N/A         7

Dungeon Overview and Level Annotations

Branches:
Dungeon (10/15)            Temple (0/1) D:6             Orc (0/2) D:9
   Lair: D:8-11

Altars:
Gozag
Okawaru
Sif Muna
Trog
Xom

Shops:
D:9 :


Innate Abilities, Weirdness & Mutations

You have a pair of antennae on your head.
You are mostly covered in molten scales. (AC +3)
((A weak demonic guardian rushes to your aid.))
You regenerate magic rapidly.


Message History

You barely miss the slime creature.
The slime creature is moderately wounded.
The slime creature completely misses you.
You barely miss the slime creature.
The slime creature is moderately wounded.
You slash the slime creature!
The slime creature is moderately wounded.
The slime creature hits you.
You take 4 damage, and have 63/71 hp.
The slime creature attacks as you move away!
The slime creature barely misses you.
Two slime creatures merge to form a titanic slime creature.
MP restored: 11 The titanic slime creature attacks as you move away!
The titanic slime creature hits you!!
You take 19 damage, and have 47/71 hp.
MASSIVE DAMAGE!!
Throw: 3 throwing nets
Press: ? - help, Shift-Dir - straight line, f - titanic slime creature
Aim: a titanic slime creature (lightly wounded, 82% to hit, immune to nets)
You throw a throwing net.
The throwing net hits the titanic slime creature.
The titanic slime creature is too large for the net to hold!
The titanic slime creature is lightly wounded.
A titanic slime creature splits.
The very large slime creature attacks as you move away!
The very large slime creature hits you!
The slime creature attacks as you move away!
The slime creature hits you! The large slime creature misses you.
You take 16 damage, and have 32/71 hp.
MASSIVE DAMAGE!!
A large slime creature splits.
The slime creature attacks as you move away!
The slime creature barely misses you.
Two slime creatures merge to form a large slime creature.
You see here a +0 scale mail.
The slime creature attacks as you move away!
The slime creature hits you!
You take 9 damage, and have 24/71 hp.
The very large slime creature attacks as you move away!
The very large slime creature hits you!!
You die...

.. #.#####..###### #.... #.
#....##..# #....
#.#.######.....#### ##....
#.#....)<###....).# #.....
##.######..>....##)####.....
#.###....##)[[.###...))......###
.........)..##..###.###......#
.####....######.# #..........#
##....#####@####..#......#
...##.....JJ..............#
..... ..#.....#####...........
..###. #####................## J
.. ##J........####... .#
#...........# ... .
#.(.........#
JJ..##########...........#
........)...###.........##


You could see a very large slime creature, a large slime creature and a slime
creature.

Vanquished Creatures
  Harold (D:9)
  Joseph (D:10)
  A troll (D:6)
  2 hornets
  Sigmund (D:4)
  A vampire (D:9)
  A shadow (D:9)
  5 yaks (D:9)
  A wraith (D:10)
  A steam dragon (D:7)
  An acid dragon (D:7)
  2 water moccasins
  2 ice beasts
  2 orc warriors
  2 centaurs
  A phantom (D:7)
  5 kobold brigands
  A gnoll sergeant (D:7)
  7 scorpions
  12 wights
  9 killer bees
  An electric eel (D:7)
  3 howler monkeys (D:9)
  3 hounds
  3 jellies
  4 orc priests
  2 gnoll boudas
  An iguana (D:4)
  Terence (D:3)
  3 orc wizards
  19 gnolls
  3 adders
  A shadow imp (D:5)
  A white imp (D:6)
  6 worms
  4 dart slugs
  25 orcs
  9 ball pythons
  7 endoplasms
  9 giant cockroaches
  5 hobgoblins
  9 jackals
  5 quokkas
  4 bats
  3 frilled lizards
  8 goblins
  66 kobolds
  7 rats
271 creatures vanquished.

Vanquished Creatures (collateral kills)
  2 gnolls
2 creatures vanquished.

Vanquished Creatures (others)
  An angel (D:7)
  An orc wizard (D:7)
2 creatures vanquished.

Grand Total: 275 creatures vanquished

Notes
Turn   | Place    | Note
-------+----------+-------------------------------------------
     0 | D:1      | jasper the Demonspawn Gladiator began the quest for the
                  | Orb.
     0 | D:1      | Reached XP level 1. HP: 16/16 MP: 1/1
    61 | D:1      | You fall into a shaft and drop 1 floor!
   159 | D:1      | Gained mutation: You are partially covered in molten
                  | scales. (AC +2) [demonic ancestry]
   159 | D:1      | Reached XP level 2. HP: 13/22 MP: 2/2
   739 | D:1      | Gained mutation: You regenerate magic rapidly. [demonic
                  | ancestry]
   739 | D:1      | Reached XP level 3. HP: 27/27 MP: 3/3
  1559 | D:2      | Gained mutation: You have a pair of small antennae on your
                  | head. [demonic ancestry]
  1559 | D:2      | Reached XP level 4. HP: 18/33 MP: 4/4
  2205 | D:2      | Identified a scroll of acquirement
  2205 | D:2      | Acquired the ring of Agnosticism {Wiz rF+ rC++}
  2235 | D:2      | Learned a level 3 spell: Mephitic Cloud
  2295 | D:3      | Found an opulent altar of Gozag.
  2367 | D:3      | Noticed Terence
  2376 | D:3      | Killed Terence
  2377 | D:3      | Reached skill level 5 in Axes
  2440 | D:3      | Found a bloodstained altar of Trog.
  2674 | D:3      | Noticed a kobold brigand
  2680 | D:3      | Killed a kobold brigand
  2681 | D:3      | Gained mutation: A weak demonic guardian rushes to your
                  | aid. [demonic ancestry]
  2681 | D:3      | Reached XP level 5. HP: 32/38 MP: 5/5
  3020 | D:4      | Reached XP level 6. HP: 33/44 MP: 6/6
  3369 | D:4      | Reached skill level 1 in Staves
  3551 | D:4      | Noticed Sigmund
  3571 | D:4      | Killed Sigmund
  3572 | D:4      | Reached skill level 3 in Staves
  3572 | D:4      | Gained mutation: You have a pair of antennae on your head.
                  | [demonic ancestry]
  3572 | D:4      | Reached XP level 7. HP: 51/51 MP: 7/7
  3812 | D:5      | Entered Level 5 of the Dungeon
  3907 | D:5      | Reached skill level 4 in Staves
  4116 | D:5      | Reached skill level 5 in Staves
  4118 | D:5      | Found an iron altar of Okawaru.
  4166 | D:5      | Became a worshipper of Warmaster Okawaru
  4400 | D:5      | Gained mutation: You are mostly covered in molten scales.
                  | (AC +3) [demonic ancestry]
  4400 | D:5      | Reached XP level 8. HP: 57/57 MP: 8/8
  4400 | D:5      | Found a shimmering blue altar of Sif Muna.
  4558 | D:5      | Reached skill level 6 in Staves
  4738 | D:6      | Learned a level 4 spell: Manifold Assault
  4775 | D:6      | Found a staircase to the Ecumenical Temple.
  4951 | D:6      | Noticed a troll
  4969 | D:6      | Killed a troll
  4970 | D:6      | Reached skill level 7 in Staves
  5115 | D:6      | Found the +18 Lear's hauberk
  5397 | D:6      | Reached * piety under Okawaru
  5473 | D:6      | Got the Discursus on the Volley
  6100 | D:7      | Reached skill level 8 in Staves
  6322 | D:7      | Found a shimmering altar of Xom.
  6322 | D:7      | Noticed an angel
  6347 | D:7      | Reached XP level 9. HP: 52/62 MP: 9/9
  6358 | D:7      | Reached skill level 9 in Staves
  6562 | D:7      | Reached skill level 1 in Conjurations
  6562 | D:7      | Reached skill level 1 in Air Magic
  6562 | D:7      | Reached skill level 1 in Poison Magic
  6870 | D:7      | Killed an angel
  7414 | D:7      | Reached ** piety under Okawaru
  7673 | D:9      | Got the Anthology of the Tincture and the Mob
  7877 | D:9      | Noticed Harold
  7888 | D:9      | Killed Harold
  7888 | D:9      | Reached *** piety under Okawaru
  7889 | D:9      | Reached skill level 5 in Conjurations
  7889 | D:9      | Reached skill level 5 in Poison Magic
  7889 | D:9      | Reached XP level 10. HP: 63/68 MP: 3/10
  7950 | D:9      | Found a staircase to the Orcish Mines.
  8086 | D:9      | Reached skill level 1 in Armour
  8442 | D:9      | Found Tearuoremo's Book Emporium.
  8535 | D:10     | Entered Level 10 of the Dungeon
  8738 | D:10     | Noticed Joseph
  8763 | D:10     | Killed Joseph
  9255 | D:3      | Reached **** piety under Okawaru
  9850 | D:8      | Slain by a very large slime creature

Illustrated notes

Levels and vault maps discovered:
D:1:      lemuel_arrival_room, layout_loops_corners
D:2:      layout_basic, serial_glass, glass_columns_a, glass_columns_b,
          glass_columns_b, serial_bayou_pond_e, nicolae_eternal_life,
          bh_walls_and_bars
D:3:      minmay_goblin_kobold_castle, layout_rooms, grunt_gozag_statues,
          mainiacjoe_overflow_six_doors_small, minmay_misc_feat_x, uniq_terence
D:4:      layout_rooms, uniq_sigmund
D:5:      layout_rooms, marbit_many_paths, kennysheep_okawaru_gauntlet
D:6:      layout_basic, minmay_temple_entry_stoned_glass, gup_sewer_entry_pipe,
          chequers_serial_rivers_small_3, hellmonk_guarded_unrand_lears
D:7:      layout_rooms, grunt_temple_overflow_order_and_chaos_1,
          kennysheep_generic_room_16
D:8:      layout_rooms, mainiacjoe_overflow_catwalk
D:9:      layout_roguey, orc_0_dummy, serial_shops, nicolae_shop_trees,
          chequers_hall_statues_y, st_stairs_5, uniq_harold
D:10:     layout_cave_pools, hellmonk_lair_entry_icy, serial_glass,
          glass_columns_a, glass_columns_a, glass_columns_b, glass_columns_c,
          serial_shops, nicolae_shop_crystal, grunt_potential, uniq_joseph,
          uniq_amaemon

Skill      XL: |  1  2  3  4  5  6  7  8  9 10 |
---------------+-------------------------------+-----
Axes           | 3 4 5 6 |  6.3
Staves         | 3 5 8 9 |  9.9
Conjurations   | 5 |  5.0
Air Magic      | 4 |  4.5
Poison Magic   | 5 |  5.0
Invocations    | 2 |  2.1
Armour         | 2 |  2.6
Dodging        | 3 |  3.9
Fighting       | 4 |  4.0
Throwing       | |  1.7

Action                     |  1- 3 |  4- 6 |  7- 9 | 10-12 || total
---------------------------+-------+-------+-------+-------++-------
  Melee: War axe           |   147 |   118 |       |       ||   265
         Punch             |     3 |     1 |       |       ||     4
         Lajatang          |       |    22 |   412 |   221 ||   655
  Throw: Stone             |       |     4 |    12 |       ||    16
         Javelin           |       |     2 |       |       ||     2
         Throwing net      |       |     3 |     1 |     1 ||     5
         Dart              |       |     3 |       |       ||     3
         Boomerang         |       |       |     1 |       ||     1
   Cast: Mephitic Cloud    |       |       |     2 |     6 ||     8
 Invoke: Heroism           |       |       |     6 |     2 ||     8
  Evoke: Wand              |       |       |     7 |     4 ||    11
    Use: Scroll            |       |     6 |    14 |     1 ||    21
         Potion            |       |       |     2 |       ||     2
   Stab: Sleeping          |     2 |       |       |       ||     2
         Held in net/web   |       |     3 |     1 |       ||     4
         Distracted        |       |       |     1 |       ||     1
         Confused          |       |       |     3 |     4 ||     7
 Armour: Leather armour    |    23 |       |       |       ||    23
         Ring mail         |    37 |    59 |   112 |    56 ||   264
  Dodge: Dodged            |    98 |    69 |   229 |   210 ||   606

Table legend: (Time is in decaauts)
 A = Elapsed time spent in this place.
 B = Non-inter-level travel time spent in this place.
 C = Inter-level travel time spent in this place.
 D = Time resting spent in this place.
 E = Time spent auto-exploring this place.
 F = Levels seen in this place.
 G = Mean time per level.
                   A        B        C        D        E       F      G
               +--------+--------+--------+--------+--------+-----+--------+
         Total |   9721 |   9231 |    490 |   1035 |   5999 |  10 |  972.1 |
       Dungeon |   9721 |   9231 |    490 |   1035 |   5999 |  10 |  972.1 |
               +--------+--------+--------+--------+--------+-----+--------+

Top non-repeatable levels by time:
     D:6: 1391 daAuts
     D:3: 1390 daAuts
     D:7: 1383 daAuts
     D:1: 1200 daAuts
     D:2: 1059 daAuts
     D:9: 1033 daAuts
     D:4: 1005 daAuts
     D:5: 740 daAuts
     D:8: 270 daAuts
    D:10: 246 daAuts
